 Dungeon Crawl Stone Soup version 0.23-a0-451-g1044d4cbad (webtiles) character file.

11069 LostNumber the Grappler (level 11, -3/95 HPs)
             Began as a Black Draconian Transmuter on Nov 23, 2018.
             Was a High Priest of Makhleb.
             Slain by an eight-headed hydra (7 damage)
             ... on level 1 of the Lair of Beasts.
             The game lasted 00:26:00 (10743 turns).

LostNumber the Grappler (DrTm)                     Turns: 10743, Time: 00:26:00

Health: -3/95      AC: 12    Str: 14    XL:     11   Next: 44%
Magic:  15/17      EV:  2    Int: 17    God:    Makhleb [*****.]
Gold:   213        SH:  0    Dex: 12    Spells: 3/18 levels left

rFire    x . .     SeeInvis .     - Unarmed
rCold    + . .     Gourm    +   (no shield)
rNeg     + + +     Faith    .   (armour unavailable)
rPois    ∞         Spirit   .   (helmet restricted)
rElec    +         Reflect  .   F - scarf {cloud immunity}
rCorr    .         Harm     .   w - +1 pair of gloves
MR       .....                  o - +2 pair of boots
Stlth    +.........             z - amulet of the gourmand
HPRegen  0.25/turn              m - +2 ring of intelligence
MPRegen  0.15/turn              y - ring of ice

@: appendage, petrified
A: breathe lightning, unfitting armour, horns 2, electricity resistance,
cold-blooded, AC +7
a: Breathe Lightning, End Transformation, Minor Destruction, Lesser Servant of
Makhleb, Major Destruction, Greater Servant of Makhleb, Renounce Religion


You were on level 1 of the Lair of Beasts.
You worshipped Makhleb.
Makhleb was extremely pleased with you.
You were not hungry.
You had grown temporary horns.
You visited 2 branches of the dungeon, and saw 11 of its levels.

You collected 543 gold pieces.
You spent 330 gold pieces at shops.

Inventory:

Missiles
 a - 237 arrows
Armour
 f - a +0 cloak
 o - a +2 pair of boots (worn)
 w - a +1 pair of gloves (worn)
 F - a scarf of cloud immunity (worn)
Jewellery
 k - an uncursed ring of positive energy
 m - a +2 ring of intelligence (left hand)
 y - a ring of ice (right hand)
 z - an amulet of the gourmand (around neck)
Wands
 j - a wand of clouds (9)
 r - a wand of random effects (19)
 u - a wand of flame (25)
 v - a wand of acid (8)
Scrolls
 e - 5 scrolls of immolation {unknown}
 h - 8 scrolls of remove curse
 p - 6 scrolls of teleportation
 q - 3 scrolls of fear
 s - a scroll of amnesia {unknown}
 t - 2 scrolls of enchant armour {unknown}
 B - 3 scrolls of fog
 C - a scroll of enchant weapon {unknown}
 E - 2 scrolls of torment {unknown}
Potions
 b - 3 potions of curing
 d - a potion of resistance
 g - 3 potions of haste
 i - 2 potions of lignification
 l - 3 potions of mutation
 n - 3 potions of heal wounds
 x - 3 potions of brilliance
 A - 2 potions of agility
 D - 2 potions of cancellation
 G - a potion of invisibility
 H - a potion of magic {unknown}
Comestibles
 c - 20 rations


   Skills:
 + Level 8.9 Fighting
 + Level 7.6 Dodging
 * Level 11.7 Unarmed Combat
 - Level 4.0 Spellcasting
 - Level 8.0 Transmutations


You had 3 spell levels left.
You knew the following spells:

 Your Spells              Type           Power        Failure   Level  Hunger
a - Beastly Appendage     Tmut           ####..       1%          1    None
b - Sticks to Snakes      Tmut           ####....     1%          2    ##.....
c - Spider Form           Tmut/Pois      ###.......   9%          3    ###....
d - Ice Form              Ice/Tmut       ####....     30%         4    ####...
e - Blade Hands           Tmut           ####......   16%         5    ######.

Your spell library contained the following spells:

 Spells                   Type           Power        Failure   Level  Hunger
 Passwall                 Tmut/Erth      ###.....     4%          2    ##.....
 Animate Skeleton         Necr           N/A          16%         1    None
 Apportation              Tloc           #.....       16%         1    None
 Confusing Touch          Hex            #.....       16%         1    None
 Freeze                   Ice            #...         16%         1    None
 Sandblast                Erth           #.....       16%         1    None
 Summon Small Mammal      Summ           #...         16%         1    None
 Throw Frost              Conj/Ice       #.....       24%         2    ##.....
 Ozocubu's Armour         Chrm/Ice       #.......     43%         3    ###....
 Stone Arrow              Conj/Erth      #.....       43%         3    ###....
 Petrify                  Tmut/Erth      ###.....     30%         4    ####...
 Summon Ice Beast         Ice/Summ       #.......     83%         4    ####...
 Throw Icicle             Conj/Ice       #.......     83%         4    ####...
 Lee's Rapid Deconstruct  Erth           #.........   99%         5    ######.


Dungeon Overview and Level Annotations

Branches:
Dungeon (10/15)            Temple (0/1) D:5            Lair (1/6) D:10
    Orc: D:9-12

Altars:
Cheibriados
Dithmenos
Elyvilon
Fedhas
Gozag
Hepliaklqana
Makhleb
Nemelex Xobeh
Okawaru
Qazlal
Sif Muna
Vehumet
Wu Jian
Zin

Shops:
D:5 %   D:6 [:[*   D:8 =(=   D:10 ?


Innate Abilities, Weirdness & Mutations

You can breathe wild blasts of lightning.
Your glossy black scales are hard. (AC +7)
You cannot fit into any form of body armour.
You are resistant to electric shocks. (rElec)
You are cold-blooded and may be slowed by cold attacks.
You have a pair of horns on your head.


Message History

* * * LOW HITPOINT WARNING * * *
The eight-headed hydra bites you!
* * * LOW HITPOINT WARNING * * *
The eight-headed hydra bites you.
* * * LOW HITPOINT WARNING * * *
The basilisk bites your ball python!
Your ball python dies!
Your adder closely misses the basilisk.
The basilisk hisses angrily.
Your adder bites the basilisk.
The eight-headed hydra bites you.
* * * LOW HITPOINT WARNING * * *
The eight-headed hydra bites you but does no damage.
The eight-headed hydra bites you!
* * * LOW HITPOINT WARNING * * *
The eight-headed hydra bites you.
* * * LOW HITPOINT WARNING * * *
The eight-headed hydra bites you!
* * * LOW HITPOINT WARNING * * *
The eight-headed hydra bites you!
You die...

.[........#.# ## #
..........#.####.#.##
..P................
###P.#####...........
...P..........#####..
.... ..........#
......#.#####.##
......#.......#
......D@....#.#
......l.....+.#
#.....#S....#.#
#.....+.....#.# #....
###.#.#.# #....
....... #.#. ###.....
.... (....


You could see an eight-headed hydra, a basilisk and a friendly adder.

Vanquished Creatures
  A two-headed ogre (D:8)
  An unseen horror (D:10)
  Pikel (D:5)
  2 gargoyles (D:10)
  A spiny frog (Lair:1)
  A komodo dragon (Lair:1)
  6 trolls
  Prince Ribbit (D:6)
  4 hippogriffs
  3 yaks
  3 hungry ghosts (D:10)
  A water moccasin (Lair:1)
  2 porcupines (D:10)
  8 orc warriors
  2 sky beasts
  2 black bears
  6 ice beasts
  A necrophage (D:7)
  A phantom (D:6)
  3 centaurs
  4 ogres
  5 bullfrogs
  3 scorpions
  9 killer bees
  A howler monkey (D:3)
  3 crimson imps
  A quasit (D:5)
  6 hounds
  4 jellies
  9 orc priests
  Crazy Yiuf (D:3)
  13 orc wizards
  A bullfrog skeleton (D:10)
  6 iguanas
  5 worker ants
  A killer bee zombie (D:5)
  Robin (D:2)
  8 gnolls (D:3)
  5 adders
  4 shadow imps
  2 oozes
  An adder skeleton (D:6)
  An adder zombie (D:5)
  4 worms
  4 dart slugs
  5 leopard geckos
  41 orcs
  A ball python (D:2)
  9 bats
  7 giant cockroaches
  10 goblins
  13 hobgoblins
  6 jackals
  6 quokkas
  4 frilled lizards
  A giant cockroach zombie (D:5)
  A jackal zombie (D:7)
  6 kobolds
  A leopard gecko zombie (D:3)
  A quokka skeleton (D:8)
  7 rats
  A fungus (D:3)
272 creatures vanquished.

Vanquished Creatures (collateral kills)
  A yak (D:9)
  A bullfrog (Lair:1)
  A goblin (D:2)
3 creatures vanquished.

Vanquished Creatures (others)
  An ice beast (D:5)
  A bullfrog skeleton (D:5)
  7 fungi (D:10)
  A plant (D:10)
10 creatures vanquished.

Grand Total: 285 creatures vanquished

Notes
Turn   | Place    | Note
-------+----------+-------------------------------------------
     0 | D:1      | LostNumber the Draconian Transmuter began the quest for the
                  | Orb.
     0 | D:1      | Reached XP level 1. HP: 16/16 MP: 3/3
   131 | D:1      | Reached XP level 2. HP: 23/23 MP: 5/5
   136 | D:1      | Learned a level 2 spell: Sticks to Snakes
   614 | D:2      | Reached XP level 3. HP: 27/29 MP: 2/6
   738 | D:2      | Found a white marble altar of Elyvilon.
   751 | D:2      | Reached XP level 4. HP: 33/36 MP: 7/7
   773 | D:2      | Reached skill level 4 in Unarmed Combat
  1343 | D:2      | Found a snail-covered altar of Cheibriados.
  1343 | D:2      | Found a burning altar of Makhleb.
  1346 | D:2      | Became a worshipper of Makhleb the Destroyer
  1489 | D:2      | Reached XP level 5. HP: 23/42 MP: 6/8
  1494 | D:2      | Learned a level 3 spell: Spider Form
  1837 | D:3      | Noticed Robin
  1920 | D:2      | Killed Robin
  2072 | D:3      | Reached XP level 6. HP: 40/51 MP: 7/9
  2111 | D:3      | Found a blossoming altar of Fedhas.
  2115 | D:3      | Found a stormy altar of Qazlal.
  2218 | D:3      | Reached * piety under Makhleb
  2411 | D:3      | Reached skill level 5 in Unarmed Combat
  2439 | D:3      | Found an iron altar of Okawaru.
  2740 | D:3      | Found a runed door.
  2744 | D:3      | Noticed Crazy Yiuf
  2749 | D:3      | Killed Crazy Yiuf
  3239 | D:5      | Entered Level 5 of the Dungeon
  3239 | D:5      | Noticed an ice beast
  3345 | D:5      | Your scales start taking on a glossy black colour.
  3345 | D:5      | Reached XP level 7. HP: 57/57 MP: 7/10
  3345 | D:5      | Gained mutation: You are resistant to electric shocks.
                  | (rElec) [Black Draconian growth]
  3373 | D:5      | Learned a level 4 spell: Ice Form
  3528 | D:5      | Noticed Pikel
  3584 | D:5      | Killed Pikel
  3584 | D:5      | Reached ** piety under Makhleb
  3584 | D:5      | Reached skill level 6 in Unarmed Combat
  3584 | D:5      | Reached XP level 8. HP: 48/67 MP: 8/12
  3812 | D:5      | Found a sparkling altar of Nemelex Xobeh.
  3976 | D:5      | Found Utonyodae's Food Boutique.
  4264 | D:5      | Found a staircase to the Ecumenical Temple.
  4353 | D:6      | Reached skill level 7 in Unarmed Combat
  4421 | D:6      | Reached skill level 5 in Fighting
  4423 | D:6      | Reached skill level 5 in Transmutations
  4457 | D:6      | Noticed Prince Ribbit
  4470 | D:6      | Killed Prince Ribbit
  4503 | D:6      | Found Lonuq's Armour Boutique.
  4504 | D:6      | Found Luffitix's Book Boutique.
  4893 | D:6      | Found Woriodim's Assorted Antiques.
  4901 | D:6      | Bought a pair of runed gloves for 202 gold pieces
  4909 | D:6      | Found Migudgh's Antique Armour Boutique.
  4909 | D:6      | Found a radiant altar of Vehumet.
  4932 | D:6      | Reached XP level 9. HP: 26/75 MP: 5/13
  5014 | D:6      | Reached skill level 8 in Unarmed Combat
  5327 | D:6      | Reached skill level 5 in Dodging
  5372 | D:6      | Found a glowing silver altar of Zin.
  5372 | D:6      | Found an ornate altar of the Wu Jian Council.
  5373 | D:6      | Found an opulent altar of Gozag.
  5387 | D:6      | Found a deep blue altar of Sif Muna.
  5731 | D:7      | Reached *** piety under Makhleb
  6338 | D:7      | Reached skill level 9 in Unarmed Combat
  7042 | D:8      | Reached **** piety under Makhleb
  7058 | D:8      | Noticed a two-headed ogre
  7066 | D:8      | Killed a two-headed ogre
  7066 | D:8      | Reached XP level 10. HP: 84/84 MP: 4/16
  7249 | D:8      | Found Emuamm's Jewellery Emporium.
  7262 | D:8      | Learned a level 5 spell: Blade Hands
  7307 | D:8      | Found Bostyd's Jewellery Emporium.
  7345 | D:8      | Found Nurr's Weapon Boutique.
  7397 | D:8      | Found a hazy altar of Hepliaklqana.
  7563 | D:8      | Reached skill level 10 in Unarmed Combat
  7676 | D:8      | Found a shadowy altar of Dithmenos.
  8166 | D:9      | Found an iron altar of Okawaru.
  8737 | D:10     | Entered Level 10 of the Dungeon
  8770 | D:10     | Noticed a gargoyle
  8785 | D:10     | Killed a gargoyle
  8884 | D:10     | Found a blossoming altar of Fedhas.
  8888 | D:10     | Found Mexzuxkutt's Magic Scroll Emporium.
  8914 | D:10     | Bought a scroll of fog for 32 gold pieces
  8914 | D:10     | Bought a scroll of teleportation for 48 gold pieces
  8914 | D:10     | Bought a scroll of teleportation for 48 gold pieces
  9351 | D:9      | Reached XP level 11. HP: 48/94 MP: 14/17
  9677 | D:10     | Killed an unseen horror
  9677 | D:10     | Reached skill level 11 in Unarmed Combat
 10119 | D:10     | Found a staircase to the Lair.
 10629 | Lair:1   | Entered Level 1 of the Lair of Beasts
 10637 | Lair:1   | Reached ***** piety under Makhleb
 10727 | Lair:1   | Noticed an eight-headed hydra
 10743 | Lair:1   | HP: 4/95 [eight-headed hydra (6)]
 10743 | Lair:1   | Slain by an eight-headed hydra

Vault maps used:
D:1:      dpeg_arrival_shrine, minmay_misc_feat_rugged
D:2:      gammafunk_temple_overflow_elements, first_ration, elyvilon_altar_1
D:3:      grunt_temple_overflow_forces_of_nature, okawaru_gym_becter,
          uniq_crazy_yiuf_cottage, uniq_robin
D:5:      kennysheep_six_static_rooms, nemelex_xobeh_ov_fountains_minmay,
          minmay_temple_entry_poolview, serial_shops, shop, uniq_pikel
D:6:      nicolae_overflow_hidden_temple, nicolae_overflow_quartered_altars,
          serial_shops, shop, nicolae_shop_behind_doors, shop, shop,
          uniq_prince_ribbit1
D:8:      minmay_bloctagon_deflated, lemuel_doored_altar,
          nicolae_dithmenos_through_a_glass_darkly, serial_shops, shop,
          kennysheep_mini_moat, shop_statue
D:9:      overflow_temple_1_default
D:10:     grunt_lair_entry_orc_guard_hut, serial_shops, shop, grunt_pizzeria,
          fedhas_altar_2
Lair:1:   lemuel_fruit_tree, grunt_megastairs_4, uniq_gastronok

Skill      XL: |  1  2  3  4  5  6  7  8  9 10 11 |
---------------+----------------------------------+-----
Dodging        | 2 3 4 6 7 |  7.6
Fighting       | 2 3 4 5 6 8 |  8.9
Unarmed Combat | 4 5 6 7 9 10 11 | 11.7
Transmutations | 3 4 5 6 7 8 |  8.0
Spellcasting   | 3 4 |  4.0

Action                   |  1- 3 |  4- 6 |  7- 9 | 10-12 || total
-------------------------+-------+-------+-------+-------++-------
Melee: Unarmed           |    94 |   275 |   349 |   295 ||  1013
       Headbutt          |     6 |     6 |    16 |    14 ||    42
       Tailslap          |     9 |    26 |    19 |    12 ||    66
       Kick              |     4 |     5 |       |       ||     9
       Punch             |       |     8 |     4 |       ||    12
 Cast: Beastly Appendage |     8 |    14 |    18 |    12 ||    52
       Sticks to Snakes  |     2 |     2 |    16 |    16 ||    36
       Spider Form       |       |     7 |    17 |    20 ||    44
       Ice Form          |       |       |     2 |     6 ||     8
 Abil: Breathe Lightning |       |       |     1 |       ||     1
       End Transformatio |       |       |     1 |       ||     1
  Use: Scroll            |       |       |     7 |     3 ||    10
       Potion            |       |       |     4 |       ||     4
 Stab: Sleeping          |       |     1 |     1 |     1 ||     3
       Distracted        |       |     1 |       |       ||     1
  Eat: Chunk             |       |    10 |    29 |    21 ||    60
       Ration            |       |       |       |     1 ||     1
Armor: Skin              |    38 |    55 |   122 |    64 ||   279
Dodge: Dodged            |    59 |   176 |   262 |   299 ||   796

Table legend:
 A = Non-vault XP
 B = Vault XP
 C = Vault XP percentage of total XP
 D = Non-vault monster count
 E = Vault monster count
 F = Vault count percentage of total count
                 A         B        C        D         E       F
            +---------+---------+-------+---------+---------+-------
      Total |   12409 |    3404 |  21.5 |     246 |      30 |  10.9
            +---------+---------+-------+---------+---------+-------
        D:1 |      38 |       0 |   0.0 |      19 |       0 |   0.0
        D:2 |     249 |      15 |   5.7 |      26 |       1 |   3.7
        D:3 |     211 |      62 |  22.7 |      31 |      12 |  27.9
        D:4 |     119 |       0 |   0.0 |       6 |       0 |   0.0
        D:5 |     319 |     777 |  70.9 |      14 |       5 |  26.3
        D:6 |    1121 |     283 |  20.2 |      35 |       1 |   2.8
        D:7 |    1966 |       0 |   0.0 |      38 |       0 |   0.0
        D:8 |    1424 |    1376 |  49.1 |      13 |       4 |  23.5
        D:9 |    1749 |       0 |   0.0 |      20 |       0 |   0.0
       D:10 |    4252 |     891 |  17.3 |      40 |       7 |  14.9
     Lair:1 |     961 |       0 |   0.0 |       4 |       0 |   0.0
            +---------+---------+-------+---------+---------+-------
